 Dungeon Crawl Stone Soup version 0.31.0-9-g3a7656b989 (webtiles) character file.

Game seed: 4588401098599038153

112 H0rd4k the Cutter (level 4, -3/34 HPs)
             Began as a Human Artificer on Jan 24, 2024.
             Killed from afar by Natasha (6 damage)
             ... with a magic dart
             ... on level 3 of the Dungeon.
             The game lasted 00:03:00 (1706 turns).

H0rd4k the Cutter (Human Artificer)                 Turns: 1706, Time: 00:03:01

Health: -3/34      AC:  4    Str: 12    XL:     4   Next: 93%
Magic:  4/4        EV: 11    Int: 14    God:
Gold:   129        SH:  0    Dex: 13    Spells: 3/3 levels left

rFire   . . .        p - +6 falchion
rCold   . . .        (no shield)
rNeg    . . .        b - +0 leather armour
rPois   .            (no helmet)
rElec   .            (no cloak)
rCorr   .            (no gloves)
SInv    .            a - +0 pair of boots
Will    .....        (no amulet)
Stlth   +            (no ring)
HPRegen 0.25/turn    (no ring)
MPRegen 0.09/turn

%: no passive effects
@: no status effects
A: explore regen
a: no special abilities


You were on level 3 of the Dungeon.
You visited 1 branch of the dungeon, and saw 3 of its levels.

You collected 129 gold pieces.

Inventory:

Hand Weapons
 f - a +0 rapier
 p - a +6 falchion (weapon)
Missiles
 i - 5 poisoned darts
Armour
 a - a +0 pair of boots (worn)
 b - a +0 leather armour (worn)
Wands
 c - a wand of flame (3) (quivered)
 d - a wand of charming (15)
 e - a wand of iceblast (3)
Scrolls
 g - a scroll of blinking {unknown}
 h - a scroll of noise {unknown}
 k - 2 scrolls of amnesia {unknown}
 l - 3 scrolls of identify {unknown}
 m - a scroll of fear {unknown}
 n - a scroll of enchant weapon {unknown}
 o - a scroll of teleportation {unknown}
Potions
 j - 2 potions of curing {unknown}


   Skills:
 + Level 2.3 Fighting
 + Level 3.7 Short Blades
 - Level 2.0 Armour
 - Level 1.0 Dodging
 - Level 1.0 Stealth
 - Level 3.0 Evocations


You had 3 spell levels left.
You didn't know any spells.
Your spell library contained the following spells:

 Spells                   Type           Power      Damage    Failure   Level
 Call Canine Familiar     Summ           0%         N/A       73%         3
 Inner Flame              Hex/Fire       0%         N/A       73%         3
 Sigil of Binding         Hex            0%         N/A       73%         3
 Dimensional Bullseye     Hex/Tloc       0%         N/A       98%         4
 Irradiate                Conj/Alch      0%         3d11      100%        5
 Ignition                 Fire           0%         3d3       100%        8


Dungeon Overview and Level Annotations

Branches:
Dungeon (3/15)

Altars:

Annotations:
D:3 Jessica, Natasha


Innate Abilities, Weirdness & Mutations

You regain HP and MP as you explore.


Message History

You slash the bat!
You kill the bat!
Jessica the Apprentice Sorceress comes into view.
She is wielding a +0 club.
A rat comes into view.
Natasha casts a spell at you. The magic dart hits you!
Jessica shouts!
The rat squeaks loudly.
The cerulean imp barely misses you.
Natasha mumbles some strange words.
You barely miss the cerulean imp. The cerulean imp barely misses you.
The cerulean imp misses you. x2
You closely miss Natasha.
Natasha casts a spell.
The cerulean imp hits you from afar with a +1 spear.
Natasha claws you.
You barely miss the cerulean imp.
The cerulean imp hits you with a +4 spear.
Jessica mumbles some strange words.
Jessica seems to speed up.
The cerulean imp hits you but does no damage.
A ball python comes into view.
Natasha claws you.
You miss the cerulean imp.
The ball python hisses angrily.
Jessica closely misses you.
The cerulean imp hits you with a +4 spear.
The cerulean imp hits you from afar with a +1 spear.
* * * LOW HITPOINT WARNING * * *
The cerulean imp hits you but does no damage.
Natasha casts a spell at you. The magic dart hits you!
* * * LOW HITPOINT WARNING * * *
Jessica mumbles some strange words.
Jessica blinks!
You are too injured to fight recklessly!
The cerulean imp misses you.
Natasha stares at you and mumbles some strange words.
The magic dart hits you.
You die...
Natasha begins licking her fur clean.

#....... .......
........#.......
...$....#.S..... .......
........#.......
#.......
........#.......
........ ......#.5.....
.......# #).#rh..@.#
.......# ####.@.5....#
.......#####..[..5.###.#
.............##.†###
....................
###.##<.######.#.#.#.#
#.#..## #.......#
###...## #.#.#.#.#
..#.### ##.......# #.#.#
#..#.#.#.# #####.


You could see Natasha, 3 cerulean imps, Jessica (fast), a ball python and a rat.

Vanquished Creatures
  Natasha (D:3)
  An adder (D:2)
  2 ribbon worms
  3 dart slugs
  4 orcs (D:3)
  3 bats
  5 endoplasms
  A giant cockroach (D:1)
  4 goblins
  5 hobgoblins
  3 jackals (D:2)
  9 kobolds
  3 quokkas
  6 ball pythons
  4 frilled lizards
  5 rats
59 creatures vanquished.

Notes
Turn   | Place    | Note
-------+----------+-------------------------------------------
     0 | D:1      | H0rd4k the Human Artificer began the quest for the Orb.
     0 | D:1      | Reached XP level 1. HP: 15/15 MP: 1/1
   104 | D:1      | Reached skill level 1 in Short Blades
   127 | D:1      | Reached XP level 2. HP: 17/21 MP: 2/2
   573 | D:1      | Reached XP level 3. HP: 21/26 MP: 3/3
  1018 | D:2      | Reached XP level 4. HP: 26/33 MP: 4/4
  1322 | D:3      | Noticed Natasha
  1328 | D:3      | Killed Natasha
  1697 | D:3      | Noticed Natasha
  1699 | D:3      | Noticed Jessica
  1706 | D:3      | Killed from afar by Natasha

Illustrated notes

Levels and vault maps discovered:
D:1:      dpeg_arrival_connections, layout_rooms, chequers_serial_rivers_micro_d
D:2:      layout_rooms
D:3:      layout_rooms, mainiacjoe_overflow_surrounded_room,
          gammafunk_temple_overflow_statue, serial_co_window_serial,
          co_window_corner_a, co_window_paths_a, co_window_of_opportunity_a,
          co_window_corner_a, co_window_of_opportunity_a,
          co_window_of_opportunity_a, co_window_of_opportunity_a,
          co_window_paths_a, co_window_of_opportunity_a, co_window_corner_b,
          co_window_broadway_c, co_window_of_opportunity_b, glass_columns_b,
          glass_columns_b, grunt_decor_cap, uniq_natasha, uniq_jessica

Skill      XL: |  1  2  3  4 |
---------------+-------------+-----
Short Blades   | 1 2 3 |  3.7
Fighting       | 2 |  2.3
Armour         | |  2.0
Dodging        | |  1.0
Stealth        | |  1.0
Evocations     | |  3.0

Action                     |  1- 3 |  4- 6 || total
---------------------------+-------+-------++-------
  Melee: Rapier            |   143 |    56 ||   199
         Punch             |     1 |       ||     1
         Falchion          |       |     5 ||     5
  Evoke: Wand              |     4 |    10 ||    14
   Stab: Sleeping          |     1 |       ||     1
 Armour: Leather armour    |   108 |    49 ||   157
  Dodge: Dodged            |   102 |    53 ||   155
